 Dungeon Crawl Stone Soup version 0.32-a0-120-gfac0567ad4 (webtiles) character file.

Game seed: 7226379821507092584

10420 hipposaver the Protected (level 11, -5/94 HPs)
             Began as a Demigod Fighter on Feb 7, 2024.
             Killed by divine providence
             ... invoked by an orc priest
              (12 damage)
             ... on level 10 of the Dungeon.
             The game lasted 00:29:57 (12260 turns).

hipposaver the Protected (Demigod Fighter)         Turns: 12260, Time: 00:29:58

Health: -5/94      AC: 13    Str: 27    XL:     11   Next: 14%
Magic:  0/19       EV: 18    Int: 10    God:
Gold:   480        SH:  6    Dex: 21    Spells: 6/15 levels left

rFire   . . .        n - +4 morningstar
rCold   . . .        c - +0 buckler
rNeg    . . .        d - +3 ring mail {rPois}
rPois   +            (no helmet)
rElec   .            (no cloak)
rCorr   .            f - +2 pair of gloves
SInv    .            (no boots)
Will    +....        g - amulet of guardian spirit
Stlth   +            h - +5 ring of evasion
HPRegen 0.35/turn    k - +6 ring of strength
MPRegen 0.16/turn

%: guardian spirit
@: no status effects
A: high MP 1, forlorn, divine attributes
a: no special abilities


You were on level 10 of the Dungeon.
You visited 1 branch of the dungeon, and saw 10 of its levels.

You collected 480 gold pieces.

Inventory:

Hand Weapons
 n - a +4 morningstar (weapon)
 v - a +3 war axe
Missiles
 p - a throwing net (quivered)
Armour
 b - a +0 scale mail
 c - a +0 buckler (worn)
 d - a +3 ring mail of poison resistance (worn)
 f - a +2 pair of gloves (worn)
 s - a +0 kite shield
Jewellery
 g - an amulet of guardian spirit (around neck)
 h - a +5 ring of evasion (left hand)
 k - a +6 ring of strength (right hand)
 y - a ring of protection from fire
Wands
 w - a wand of paralysis (7)
 x - a wand of digging (5)
 A - a wand of flame (14)
Scrolls
 j - a scroll of fog {unknown}
 r - a scroll of teleportation {unknown}
 t - a scroll of revelation
Potions
 i - a potion of magic
 l - a potion of enlightenment {unknown}
 m - a potion of mutation {unknown}
 o - 3 potions of degeneration
 q - a potion of attraction {unknown}
 u - a potion of lignification {unknown}
 z - a potion of brilliance {unknown}


   Skills:
 + Level 8.2 Fighting
 - Level 8.0(8.2) Axes
 + Level 2.7(5.7) Maces & Flails
 + Level 8.3 Armour
 - Level 4.2 Dodging
 - Level 6.1 Shields
 + Level 2.9 Spellcasting
 + Level 3.1 Conjurations
 + Level 3.1 Fire Magic


You had 6 spell levels left.
You knew the following spells:

 Your Spells              Type           Power      Damage    Failure   Level
a - Fire Storm            Conj/Fire      3%         8d1       100%        9

Your spell library contained the following spells:

 Spells                   Type           Power      Damage    Failure   Level
 Magic Dart               Conj           28%        1d4       13%         1
 Searing Ray              Conj           14%        2d5       19%         2
 Kiss of Death            Conj/Necr      16%        2d6       24%         1
 Summon Small Mammal      Summ           4%         N/A       43%         1
 Volatile Blastmotes      Fire/Tloc      8%         2d10      58%         3
 Call Canine Familiar     Summ           1%         N/A       80%         3
 Confusing Touch          Hex            1%         N/A       80%         3
 Sigil of Binding         Hex            1%         N/A       80%         3
 Fulminant Prism          Conj/Alch      2%         3d5       94%         4
 Iskenderun's Mystic Bla  Conj/Tloc      4%         2d3       94%         4
 Summon Blazeheart Golem  Fire/Summ      4%         N/A       94%         4
 Dimensional Bullseye     Hex/Tloc       0%         N/A       99%         4
 Dispel Undead            Necr           1%         3d6       99%         4
 Chain Lightning          Conj/Air       2%         3d2       100%        9
 Shatter                  Erth           0%         3d5*      100%        9


Dungeon Overview and Level Annotations

Branches:
Dungeon (10/15)            Temple (0/1) D:7             Orc (0/2) D:9
   Lair: D:8-11

Shops:
D:6 *


Innate Abilities, Weirdness & Mutations

You have an increased reservoir of magic. (+10% MP)
You shall have no god before yourself.
Your divine heritage dramatically boosts your attributes as you level up.


Message History

You feel better.
An orc comes into view. It is wielding a +0 club.
You completely miss the orc. You closely miss the orc.
The orc closely misses you.
The orc priest mumbles some strange prayers to Beogh against you.
Beogh smites you!
You barely miss the orc. You block the orc warrior's attack.
The orc hits you with a +0 hand axe. The orc completely misses you.
The orc warrior completely misses you. The orc attacks as it pursues you!
You block the orc's attack.
The orc priest calls down the wrath of Beogh upon you.
Pain shoots through your body!
* * * LOW HITPOINT WARNING * * *
The orc misses you.
You barely miss the orc priest.
The orc warrior hits you with a +0 halberd.
* * * LOW HITPOINT WARNING * * *
The orc closely misses you.
The orc priest hits you but does no damage.
The orc hits you but does no damage.
You closely miss the orc priest.
The orc warrior hits you with a +0 halberd!
* * * LOW HITPOINT WARNING * * *
The orc misses you. The orc priest barely misses you.
The orc barely misses you. You block the orc warrior's attack.
You block the orc priest's attack. The orc closely misses you. x2
You barely miss the orc priest.
The orc warrior hits you with a +0 halberd.
* * * LOW HITPOINT WARNING * * *
The orc misses you.
The orc priest calls down the wrath of Beogh upon you.
Pain shoots through your body!
* * * LOW HITPOINT WARNING * * *
The orc barely misses you.
You barely miss the orc priest. You block the orc warrior's attack.
The orc hits you but does no damage.
The orc priest invokes the aid of Beogh against you.
Beogh smites you!
You die...

********** #####..$.....##
#####.######.##
#####.######.##
***********#####.#......##***
,,,,,,,,,,,.....$.........,,*
******,,,,,........$.....#***
,,,,,*,**#######.#.#####.#*
,***,,,,,......o@o<.......*
,* *,*,*,......o.o....##..***
,***,*,,,.................,,*
,,,,,,,,,........#.##.###.***
****,*,,,..#####..........,,*
,,,,,,,,,.,....#...##.###.***
,,,,,,,,*,*###.#...##.###.,*
****,*,,,,,#.......##.###.,*
,,,,,,,,,,**,*,*,,,**,***,,**


You could see an orc warrior, an orc priest and 2 orcs.

Vanquished Creatures
  A hydra (D:9)
  A centaur warrior (D:9)
  A death knight (D:9)
  A two-headed ogre (D:9)
  A tengu warrior (D:9)
  A cyclops (D:9)
  Joseph (D:7)
  Psyche (D:9)
  Grinder (D:6)
  A wraith (D:9)
  3 wyverns
  5 yaks
  An acid dragon (D:9)
  Duvessa (D:5)
  3 water moccasins
  An ice beast (D:6)
  5 orc warriors
  A black bear (D:6)
  4 centaurs
  An ogre (D:5)
  A phantom (D:7)
  A kobold brigand (D:9)
  3 bullfrogs
  4 scorpions
  A gnoll sergeant (D:6)
  13 wights
  Dowan (D:5)
  14 killer bees
  7 electric eels (D:8)
  5 bombardier beetles
  2 gnoll boudas
  6 orc priests
  3 hounds
  3 iguanas
  A jelly (D:5)
  Terence (D:2)
  2 sleepcaps
  6 orc wizards
  18 gnolls
  5 adders
  A ribbon worm zombie (D:6)
  A shadow imp (D:8)
  2 white imps
  3 ribbon worms
  A dart slug (D:4)
  28 orcs
  6 endoplasms
  9 giant cockroaches
  A gnoll zombie (D:6)
  5 goblins
  6 hobgoblins
  14 kobolds
  8 quokkas
  5 ball pythons
  A bat (D:2)
  6 frilled lizards
  A jackal zombie (D:6)
  A kobold zombie (D:6)
  19 rats
250 creatures vanquished.

Vanquished Creatures (others)
  3 orc wizards
  2 white imps
  An orc (D:8)
6 creatures vanquished.

Grand Total: 256 creatures vanquished

Notes
Turn   | Place    | Note
-------+----------+-------------------------------------------
     0 | D:1      | hipposaver the Demigod Fighter began the quest for the Orb.
     0 | D:1      | Reached XP level 1. HP: 18/18 MP: 3/3
   118 | D:1      | Reached XP level 2. HP: 25/25 MP: 4/4
   994 | D:2      | Reached XP level 3. HP: 28/31 MP: 5/5
  1206 | D:2      | Noticed Terence
  1218 | D:2      | Killed Terence
  1219 | D:2      | Reached XP level 4. HP: 34/38 MP: 6/6
  2399 | D:4      | Reached XP level 5. HP: 20/45 MP: 2/7
  3144 | D:5      | Entered Level 5 of the Dungeon
  3238 | D:5      | Reached XP level 6. HP: 51/51 MP: 8/8
  3569 | D:4      | Reached XP level 7. HP: 43/58 MP: 7/9
  3736 | D:5      | Noticed Duvessa
  3736 | D:5      | Noticed Dowan
  3749 | D:5      | Killed Dowan
  3750 | D:5      | Reached skill level 5 in Axes
  3756 | D:5      | Killed Duvessa
  4343 | D:6      | Reached skill level 5 in Armour
  4346 | D:6      | Noticed Grinder
  4346 | D:6      | Paralysed by Grinder for 4 turns
  4368 | D:6      | Paralysed by Grinder for 3 turns
  4380 | D:6      | Paralysed by Grinder for 4 turns
  4391 | D:6      | Reached skill level 5 in Fighting
  4391 | D:6      | Reached skill level 5 in Shields
  4391 | D:6      | Reached XP level 8. HP: 9/68 MP: 2/10
  4393 | D:6      | Killed Grinder
  4573 | D:6      | Found Reohixuv's CLEARANCE SALE!.
  4667 | D:6      | You fall into a shaft and drop 1 floor!
  4718 | D:7      | HP: 3/69 [water moccasin (4)]
  4724 | D:7      | HP: 1/70 [water moccasin (5)]
  5081 | D:7      | Reached XP level 9. HP: 36/75 MP: 7/11
  5906 | D:6      | Reached skill level 1 in Dodging
  6242 | D:7      | Found a staircase to the Ecumenical Temple.
  6475 | D:7      | Noticed Joseph
  7002 | D:7      | Killed Joseph
  7967 | D:8      | HP: 2/79 [electric eel/bolt of electricity (10)]
  8321 | D:8      | HP: 2/79 [electric eel/bolt of electricity (7)]
  8999 | D:7      | Reached XP level 10. HP: 58/86 MP: 9/13
  9200 | D:8      | Learned a level 9 spell: Fire Storm
  9619 | D:9      | Found a staircase to the Orcish Mines.
 10059 | D:9      | Noticed a death knight
 10059 | D:9      | Noticed a boulder beetle
 10306 | D:9      | Killed a death knight
 10307 | D:9      | Reached skill level 1 in Spellcasting
 10307 | D:9      | Reached skill level 1 in Conjurations
 10307 | D:9      | Reached skill level 1 in Fire Magic
 10676 | D:9      | Noticed a two-headed ogre
 10701 | D:9      | Killed a two-headed ogre
 10702 | D:9      | Reached skill level 1 in Maces & Flails
 10783 | D:9      | Noticed Psyche
 10993 | D:9      | Killed Psyche
 11207 | D:9      | Noticed a cyclops
 11222 | D:9      | Killed a cyclops
 11223 | D:9      | Noticed a four-headed hydra
 11233 | D:9      | Killed a four-headed hydra
 11499 | D:9      | Identified the +0 leather armour of Susutumi {rC+ rCorr}
 11615 | D:9      | Noticed a tengu warrior
 11632 | D:9      | Killed a tengu warrior
 11633 | D:9      | Reached XP level 11. HP: 6/94 MP: 1/18
 11657 | D:9      | Noticed a centaur warrior
 11979 | D:9      | Killed a centaur warrior
 12237 | D:9      | Noticed a deep elf pyromancer
 12249 | D:10     | Entered Level 10 of the Dungeon
 12260 | D:10     | Killed from afar by an orc priest

Illustrated notes

Levels and vault maps discovered:
D:1:      minmay_arrival_stone_box, layout_basic, minmay_worlds_worst_comb
D:2:      layout_rooms, hellmonk_ecumenical_altar_crossroads, basic_altar,
          uniq_terence
D:3:      layout_loops_ring, minmay_rat_hole
D:4:      layout_loops_cross, grunt_decor_mini_mirrors
D:5:      layout_cave_pools, kennysheep_mini_moat, serial_bayou_lagoon_a,
          uniq_duvessa
D:6:      layout_basic, kiku_gazebo_garden_becter, enter_ossuary_3,
          grunt_ministairs_8, nicolae_shop_clearance, uniq_grinder
D:7:      layout_rooms, nicolae_sif_muna_condensation,
          minmay_temple_entry_proselytizer, minmay_crossroads, uniq_joseph
D:8:      layout_layer_cave, okawaru_metal_pillars_1_2, general_overflow_altar,
          gammafunk_temple_overflow_elements, serial_bayou_lake_a
D:9:      minmay_chopped_fan, layout_long_grid, eat_drink_and_be_merry_uskayaw,
          orc_0_dummy, eino_jars, uniq_psyche
D:10:     layout_basic, minmay_misc_feat_tower

Skill      XL: |  1  2  3  4  5  6  7  8  9 10 11 |
---------------+----------------------------------+-----
Axes           | 2 4 5 6 7 8 |  8.0
Fighting       | 3 4 5 6 7 8 |  8.2
Armour         | 3 4 5 6 7 8 |  8.3
Shields        | 3 4 5 6 |  6.1
Dodging        | 3 4 |  4.2
Spellcasting   | 2 |  2.9
Conjurations   | 2 3 |  3.1
Fire Magic     | 2 3 |  3.1
Maces & Flails | 2 |  2.7

Action                     |  1- 3 |  4- 6 |  7- 9 | 10-12 || total
---------------------------+-------+-------+-------+-------++-------
  Melee: War axe           |   100 |   177 |   466 |    93 ||   836
         Morningstar       |       |       |       |   184 ||   184
  Throw: Throwing net      |       |       |       |     1 ||     1
  Evoke: Wand              |       |       |       |     1 ||     1
    Use: Scroll            |     2 |    11 |     3 |     7 ||    23
         Potion            |       |     2 |     6 |     5 ||    13
 Armour: Scale mail        |    66 |   103 |    13 |       ||   182
         Ring mail         |       |       |   322 |   218 ||   540
  Dodge: Dodged            |    59 |   121 |   405 |   335 ||   920
  Block: Buckler           |    19 |    30 |   180 |   134 ||   363

Table legend: (Time is in decaauts)
 A = Elapsed time spent in this place.
 B = Non-inter-level travel time spent in this place.
 C = Inter-level travel time spent in this place.
 D = Time resting spent in this place.
 E = Time spent auto-exploring this place.
 F = Levels seen in this place.
 G = Mean time per level.
                   A        B        C        D        E       F      G
               +--------+--------+--------+--------+--------+-----+--------+
         Total |  12566 |  12303 |    263 |   3766 |   5658 |  10 | 1256.6 |
       Dungeon |  12566 |  12303 |    263 |   3766 |   5658 |  10 | 1256.6 |
               +--------+--------+--------+--------+--------+-----+--------+

Top non-repeatable levels by time:
     D:8: 2276 daAuts
     D:9: 2213 daAuts
     D:7: 2037 daAuts
     D:6: 1563 daAuts
     D:4: 1099 daAuts
     D:1: 977 daAuts
     D:5: 921 daAuts
     D:3: 826 daAuts
     D:2: 637 daAuts
    D:10: 12 daAuts
